AoeStats
← El loco

Arabia

508278346Analyzed
2v2 RM · 25d ago on Sep 21, 2026· 44m 35s· 4 players
Game mode
Random Map
Map size
Medium (4 player)
Population
200
Speed
Normal
Resources
Standard
Victory
Conquest
Starting age
Dark Age
Ending age
Imperial Age
RankedLock teamsTeams togetherTeam positionsShared explorationLock speedFull tech treeHidden civsTurbo modeCheats
Victory
Defeat
🇦🇷 Teutons · Argentina
1028
+16
🇦🇷 Byzantines · Argentina
1028
+16
vs
🇫🇷 Hindustanis · France
1020
-16
🇫🇷 Magyars · France
1020
-16
GoldenGramsci
6:08 Loom
9:24 Feudal Age
10:03 Double-Bit Axe
10:59 Horse Collar
20:55 Castle Age
19:23 Gold Mining
20:57 Stone Mining
22:03 Bloodlines
21:54 Husbandry
22:46 Bow Saw
22:39 Heavy Plow
22:06 Elite Skirmisher
22:51 Fletching
23:02 Padded Archer Armor
23:59 Wheelbarrow
28:09 Scale Barding Armor
28:33 Town Watch
29:27 Forging
31:56 Chain Barding Armor
31:32 Bodkin Arrow
33:01 Hand Cart
34:16 Iron Casting
33:57 Leather Archer Armor
45:54 Imperial Age
44:16 Scale Mail Armor
45:08 Ballistics
Jeanhunlik
2:48 Loom
10:42 Feudal Age
14:47 Double-Bit Axe
20:20 Castle Age
19:43 Bloodlines
19:32 Horse Collar
19:46 Gold Mining
20:23 Fletching
21:33 Bodkin Arrow
25:55 Thumb Ring
25:38 Pikeman
26:56 Town Watch
27:54 Padded Archer Armor
29:08 Scale Mail Armor
32:06 Wheelbarrow
33:06 Chain Mail Armor
34:24 Leather Archer Armor
39:29 Husbandry
39:40 Scale Barding Armor
41:37 Chain Barding Armor
43:43 Hand Cart
44:00 Light Cavalry
El loco
6:25 Loom
9:16 Feudal Age
9:43 Double-Bit Axe
20:56 Castle Age
18:42 Horse Collar
19:08 Fletching
19:59 Gold Mining
21:09 Forging
21:00 Padded Archer Armor
22:13 Bodkin Arrow
21:40 Crossbowman
23:41 Pikeman
24:21 Squires
27:40 Stone Mining
28:26 Gold Shaft Mining
28:50 Leather Archer Armor
29:11 Iron Casting
28:38 Scale Mail Armor
30:14 Wheelbarrow
31:08 Chain Mail Armor
32:14 Iron Casting
32:23 Squires
33:23 Ballistics
32:58 Murder Holes
33:42 Hand Cart
34:55 Thumb Ring
40:25 Imperial Age
38:17 Elite Skirmisher
41:37 Conscription
42:37 Chemistry
41:18 Treadmill Crane
41:39 Bracer
42:10 Ring Archer Armor
42:39 Arbalester
44:14 Bow Saw
gonza
8:00 Loom
9:58 Feudal Age
10:52 Horse Collar
11:01 Double-Bit Axe
22:34 Castle Age
21:09 Gold Mining
21:31 Forging
21:53 Scale Barding Armor
22:44 Bloodlines
23:40 Chain Barding Armor
23:32 Heavy Plow
24:18 Iron Casting
43:20 Bow Saw
Connection lost

Rejoining the realm…

Still unreachable

The connection could not be restored.

Session expired

The server has moved on; the page needs a fresh start.